 Dungeon Crawl Stone Soup version 0.31-a0-743-g45f7035092 (webtiles) character file.

Game seed: 11092545193011430504

3770 Superdj450 the Gouger (level 9, -5/37 HPs)
             Began as a Felid Shapeshifter on Sept 12, 2023.
             Was an Elder of Trog.
             Slain by an orc warrior
             ... wielding a +2 vampiric war axe
              (15 damage)
             ... on level 11 of the Dungeon.
             The game lasted 00:44:45 (9212 turns).

Superdj450 the Gouger (Felid Shapeshifter)          Turns: 9212, Time: 00:44:46

Health: -5/37      AC:  2    Str: 14      XL:     9   Next: 94%
Magic:  0/19       EV: 21    Int: 11      God:    Trog [****..]
Gold:   266        SH:  0    Dex: 15 (16) Spells: 8/8 levels left
                                        Lives:  0   Deaths: 3

rFire   . .          .
                       - Unarmed
rCold   . . .        (shield unavailable)
rNeg    . . .        (body armour unavailable)
rPois   .            (helmet unavailable)
rElec   .            (cloak unavailable)
rCorr   .            (gloves unavailable)
SInv    +            (boots unavailable)
Will    ++++.        O - amulet of guardian spirit
Stlth   +++          r - ring of magical power
HPRegen 1.26/turn    Q - ring of willpower
MPRegen 0.16/turn

%: guardian spirit
@: beast-form, strong-willed, on berserk cooldown, regenerating, slowed, slow
A: beast (slay +3), very small, claws 1, fangs 3, see invisible, speed 1, shaggy
fur 2, stealthy paws, no weapons or thrown items, no armour, multi-lived,
deterioration 1
a: Begin Untransformation, Renounce Religion, Berserk, Trog's Hand, Brothers in
Arms


You were on level 11 of the Dungeon.
You worshipped Trog.
Trog was greatly pleased with you.
You were a hulking beast.
You visited 1 branch of the dungeon, and saw 10 of its levels.
You also visited: Sewer and Ossuary.

You collected 490 gold pieces.
You spent 224 gold pieces at shops.

Inventory:

Hand Weapons
 w - a +0 scythe
 P - a +2 hand axe of freezing
Missiles
 k - 3 silver javelins
Armour
 g - a +0 scale mail of fire resistance
 j - a +0 helmet
 n - a +0 kite shield
 v - a +0 robe
 x - a +2 robe
 B - the +0 cloak "Peguip" {+Inv}
   (You found it on level 3 of the Dungeon)

   +Inv:      It lets you turn invisible.
 G - the +3 tower shield "Lexodghi" {+Blink rElec rN+}
   (You took it off a gnoll on level 4 of the Dungeon)

   rElec:     It insulates you from electricity.
   rN+:       It protects you from negative energy.
   +Blink:    It lets you blink.
 S - a +2 leather armour of positive energy
 W - +0 steam dragon scales
Magical Staves
 X - a staff of conjuration
Jewellery
 h - an amulet of guardian spirit
 r - a ring of magical power (left paw)
 J - an amulet of reflection
 O - an amulet of guardian spirit (around neck)
 Q - a ring of willpower (right paw)
 R - a ring of protection from fire
Talismans
 b - a beast talisman (active)
 c - a flux talisman
 o - a maw talisman
 K - a serpent talisman
Wands
 q - a wand of polymorph (4)
 T - a wand of flame (29)
Scrolls
 e - 2 scrolls of noise
 f - 12 scrolls of identify
 i - 3 scrolls of immolation
 l - 4 scrolls of enchant weapon
 m - a scroll of butterflies {unknown}
 p - 3 scrolls of enchant armour
 s - a scroll of poison
 t - 4 scrolls of fear
 u - 3 scrolls of teleportation {unknown}
 y - a scroll of amnesia {unknown}
 H - 2 scrolls of revelation {unknown}
 M - a scroll of vulnerability {unknown}
 U - a scroll of fog {unknown}
Potions
 a - 2 potions of lignification
 d - 4 potions of curing
 z - 2 potions of degeneration {unknown}
 A - a potion of ambrosia {unknown}
 C - 5 potions of heal wounds
 D - 2 potions of enlightenment
 E - 4 potions of brilliance
 F - a potion of cancellation {unknown}
 I - 5 potions of might
 L - 2 potions of magic
 N - 2 potions of berserk rage {unknown}
 V - 2 potions of haste {unknown}


   Skills:
 + Level 3.1 Fighting
 + Level 7.6 Dodging
 + Level 6.4 Stealth
 + Level 10.9 Unarmed Combat
 + Level 6.7 Shapeshifting


You had 8 spell levels left.
You didn't know any spells.
Your spell library contained the following spells:

 Spells                   Type           Power      Damage    Failure   Level
 Magic Dart               Conj           0%         1d3       34%         1
 Call Imp                 Summ           0%         N/A       47%         2
 Cigotuvi's Dreadful Rot  Necr/Pois/Air  0%         N/A       47%         2
 Static Discharge         Conj/Air       0%         2-2/arc   47%         2
 Call Canine Familiar     Summ           0%         N/A       71%         3
 Gell's Gravitas          Tloc           0%         N/A       71%         3
 Ignite Poison            Fire/Tmut/Pois 0%         N/A       71%         3
 Mephitic Cloud           Conj/Pois/Air  0%         N/A       71%         3
 Sigil of Binding         Hex            0%         N/A       71%         3
 Teleport Other           Tloc           0%         N/A       71%         3
 Airstrike                Air            0%         2d(0-16)  98%         4
 Anguish                  Hex/Necr       0%         N/A       98%         4
 Cause Fear               Hex            0%         N/A       98%         4
 Dispel Undead            Necr           0%         3d6       98%         4
 Leda's Liquefaction      Hex/Erth       0%         N/A       98%         4
 Summon Lightning Spire   Summ/Air       0%         N/A       98%         4
 Freezing Cloud           Conj/Ice/Air   0%         6-21      100%        5
 Summon Forest            Summ/Tloc      0%         N/A       100%        5
 Death Channel            Necr           0%         N/A       100%        6
 Dispersal                Tloc           0%         N/A       100%        6
 Eringya's Noxious Bog    Tmut/Pois      0%         4d6       100%        6
 Enfeeble                 Hex            0%         N/A       100%        7
 Summon Hydra             Summ           0%         N/A       100%        7
 Dimensional Bullseye     Hex/Tloc       Unusable   N/A       N/A         4

Dungeon Overview and Level Annotations

Branches:
Dungeon (11/15)            Temple (0/1) D:5             Orc (0/2) D:11
  Sewer (visited)         Ossuary (visited)
   Lair: D:8-11

Altars:
Ashenzari
Cheibriados
Fedhas
Gozag
Makhleb
Nemelex Xobeh
Qazlal
Ru
Trog
Wu Jian
Yredelemnul
The Shining One

Shops:
D:6 !

Annotations:
D:2 Natasha
D:4 exclusion: oklob plant
D:7 1 transporter


Innate Abilities, Weirdness & Mutations

You are a hulking beast.
Your limbs bulge with bestial killing power. (Slay +3)
You have sharp claws.
You have razor-sharp teeth.
You have supernaturally acute eyesight. (SInv)
You cover ground quickly. (Speed+)
You are covered in thick fur. (AC +2)
Your paws help you pounce on unaware monsters.
You are incapable of wielding weapons or throwing items.
You cannot wear armour.
You gain extra lives every three experience levels.
Your body sometimes deteriorates upon taking damage.


Message History

The orc warrior is lightly wounded.
The orc warrior closely misses you.
The orc warrior hits you with a +0 flail!
You barely miss the orc warrior.
You claw the orc warrior, but do no damage.
Your bite misses the orc warrior.
The orc warrior is lightly wounded.
The orc warrior hits you but does no damage.
You claw the orc warrior!
The orc warrior is severely wounded.
The orc warrior misses you.
Your skin crawls.
You feel strong-willed.
The orc warrior hits you with a +0 flail!
Your body deteriorates!
You feel clumsy.
You scratch the orc warrior.
The orc warrior is severely wounded.
The orc warrior hits you with a +0 flail!
The orc warrior misses you.
You mangle the orc warrior!!
You kill the orc warrior!
Trog accepts your kill.
You scratch the orc warrior.
The orc warrior is lightly wounded.
The orc warrior completely misses you. The orc closely misses you.
You scratch the orc warrior but do no damage.
The orc warrior is lightly wounded.
The orc warrior hits you with a +2 vampiric war axe.
The orc warrior draws strength from your wounds!
The orc misses you.
You barely miss the orc warrior.
The orc warrior hits you with a +2 vampiric war axe!
* * * LOW HITPOINT WARNING * * *
The orc hits you from afar with a +0 trident.
* * * LOW HITPOINT WARNING * * *
You claw the orc warrior!
The orc warrior is severely wounded.
The orc warrior closely misses you. The orc closely misses you.
The orc warrior hits you with a +2 vampiric war axe!!
You die...

#..#8.o.>#
#..#./o..#
#..#.....#
###..8o.⌠..#
...ooo....#
#oo8o....#
#o# #o# #h#
#.# #.##
#..# ##.#
#<# ###'###
#.....#
#.....#


You could see an orc warrior and 6 orcs.

Vanquished Creatures
  A troll (D:11)
  Sigmund (D:3)
  2 wyverns
  A steam dragon (D:7)
  2 orc warriors (D:11)
  An ice beast (D:7)
  A sky beast (D:7)
  4 ogres
  2 centaurs
  A phantom (D:6)
  A kobold brigand (Sewer)
  3 bullfrogs
  A scorpion (D:5)
  5 water moccasin zombies (Ossuary)
  3 howler monkeys
  A jelly (D:7)
  9 orc priests
  A hound (D:6)
  2 gnoll boudas
  Jessica (D:3)
  Natasha (D:2)
  2 sleepcaps
  An iguana (D:5)
  8 orc wizards
  2 mummies (Ossuary)
  14 gnolls
  12 adders
  3 white imps
  3 ufetubi
  6 adder zombies (Ossuary)
  A worm (D:3)
  4 dart slugs
  32 orcs
  8 ball pythons
  8 endoplasms
  3 giant cockroaches
  2 gnoll zombies (Ossuary)
  10 goblins
  7 hobgoblins
  8 jackals
  5 quokkas
  11 bats
  4 frilled lizards
  6 hobgoblin zombies (Ossuary)
  9 kobolds
  2 kobold zombies (Ossuary)
  6 orc zombies (Ossuary)
  8 rats
229 creatures vanquished.

Vanquished Creatures (collateral kills)
  An orc warrior (D:8)
1 creature vanquished.

Grand Total: 230 creatures vanquished

Notes
Turn   | Place    | Note
-------+----------+-------------------------------------------
     0 | D:1      | Superdj450 the Felid Shapeshifter began the quest for the
                  | Orb.
     0 | D:1      | Reached XP level 1. HP: 9/9 MP: 2/2
    90 | D:1      | Reached XP level 2. HP: 12/12 MP: 3/3
   413 | D:1      | Upgraded the game from 0.31-a0-740-g87205ac768 to
                  | 0.31-a0-743-g45f7035092
   927 | D:2      | Reached XP level 3. HP: 9/15 MP: 2/4
  1207 | D:2      | Found a bloodstained altar of Trog.
  1220 | D:2      | Became a worshipper of Trog the Wrathful
  1346 | D:2      | Noticed Natasha
  1368 | D:2      | Killed from afar by Natasha
  1403 | D:2      | Killed Natasha
  1404 | D:2      | Reached skill level 4 in Unarmed Combat
  1404 | D:2      | Reached XP level 4. HP: 16/19 MP: 3/5
  2002 | D:2      | Noticed Natasha
  2224 | D:3      | Found a glowing drain.
  2351 | D:3      | Reached skill level 1 in Stealth
  2394 | D:3      | Noticed Sigmund
  2394 | D:3      | Noticed Jessica
  2405 | D:3      | Killed Jessica
  2406 | D:3      | Reached XP level 5. HP: 22/22 MP: 6/6
  2412 | D:3      | Killed Sigmund
  2412 | D:3      | Reached * piety under Trog
  2413 | D:3      | Reached skill level 5 in Unarmed Combat
  2413 | D:3      | Gained mutation: You are covered in thick fur. (AC +2)
                  | [Felid growth]
  2413 | D:3      | Reached XP level 6. HP: 25/25 MP: 7/7
  2675 | D:3      | Identified the +0 cloak "Peguip" {+Inv}
  2886 | Sewer    | Entered a sewer
  3105 | Sewer    | Found a white marble altar of Elyvilon.
  3211 | D:4      | Reached ** piety under Trog
  3335 | D:4      | Identified the +3 tower shield "Lexodghi" {+Blink rElec
                  | rN+}
  3337 | D:4      | Reached XP level 7. HP: 25/29 MP: 8/8
  3357 | D:4      | Reached skill level 6 in Unarmed Combat
  3471 | D:4      | Found a snail-covered altar of Cheibriados.
  3471 | D:4      | Found a sparkling altar of Nemelex Xobeh.
  3610 | D:4      | Found a blossoming altar of Fedhas.
  3698 | D:4      | Noticed an oklob plant
  3899 | D:4      | Reached skill level 5 in Shapeshifting
  4088 | D:4      | Found a sand-covered staircase.
  4101 | Ossuary  | Entered an ossuary
  4294 | Ossuary  | Reached skill level 7 in Unarmed Combat
  4297 | Ossuary  | Reached skill level 5 in Dodging
  4302 | Ossuary  | Reached *** piety under Trog
  4408 | D:4      | Reached XP level 8. HP: 30/33 MP: 9/9
  4861 | D:5      | Entered Level 5 of the Dungeon
  5048 | D:5      | HP: 1/33 [gnoll bouda/+0 club (2)]
  5054 | D:5      | Mangled by a gnoll
  5152 | D:5      | Reached skill level 8 in Unarmed Combat
  5178 | D:5      | Found a staircase to the Ecumenical Temple.
  5839 | D:6      | Found Dachycaj's Distillery.
  5971 | D:6      | Bought a potion of mutation for 112 gold pieces
  5971 | D:6      | Bought a potion of mutation for 112 gold pieces
  5971 | D:6      | Gained mutation: You passively map a small area around you.
                  | [potion of mutation]
  5972 | D:6      | Lost mutation: You passively map a small area around you.
                  | [potion of mutation]
  5972 | D:6      | Gained mutation: Your body sometimes deteriorates upon
                  | taking damage. [potion of mutation]
  6192 | D:6      | Found a burning altar of Makhleb.
  6298 | D:6      | Found a glowing golden altar of the Shining One.
  6301 | D:6      | Noticed an angel
  6316 | D:6      | Found a basalt altar of Yredelemnul.
  6329 | D:6      | Noticed a profane servitor
  6490 | D:6      | Reached skill level 9 in Unarmed Combat
  6508 | D:6      | Reached **** piety under Trog
  6899 | D:7      | Reached skill level 5 in Stealth
  6899 | D:7      | Reached XP level 9. HP: 31/37 MP: 10/10
  6973 | D:7      | Found a sacrificial altar of Ru.
  7199 | D:7      | Found a transporter.
  7223 | D:7      | Found a transporter.
  7242 | D:7      | Killed from afar by an electric eel
  7289 | D:7      | Found an opulent altar of Gozag.
  7854 | D:8      | Reached skill level 10 in Unarmed Combat
  8003 | D:8      | Found a large runed translucent door.
  8004 | D:8      | Found a large runed translucent door.
  8018 | D:8      | Found a broken altar of Ashenzari.
  8034 | D:8      | Found a stormy altar of Qazlal.
  8805 | D:8      | Found a bloodstained altar of Trog.
  8805 | D:8      | Found an ornate altar of the Wu Jian Council.
  9140 | D:9      | You fall into a shaft and drop 2 floors!
  9161 | D:11     | Found a staircase to the Orcish Mines.
  9162 | D:11     | Noticed a troll
  9187 | D:11     | Killed a troll
  9212 | D:11     | Slain by an orc warrior

Illustrated notes

Levels and vault maps discovered:
D:1:      minmay_arrival_stone_box, layout_loops_ring
D:2:      layout_basic, basic_altar, grunt_decor_mini_mirrors, st_stairs_9,
          lightli_corner_chamber, uniq_natasha
D:3:      layout_basic, portal_sewer_entry_d, uniq_sigmund, uniq_jessica
D:4:      layout_basic, tgw_fedhas, nicolae_overflow_two_pavilions,
          chequers_ossuary_entry_cave, minmay_crystal_water, minmay_distorted
D:5:      layout_loops_ring, minmay_temple_entry_large_hall
D:6:      layout_loops_ring, grunt_temple_overflow_holy_war,
          makhleb_blood_cavern_becter, serial_shops, nicolae_shop_tiny_glass
D:7:      gammafunk_steamed_eel, layout_gridville,
          mainiacjoe_overflow_concentric_impassable, general_overflow_altar
D:8:      nicolae_cairo_tiling_very_big, layout_basic,
          gammafunk_temple_overflow_elements, jmf_multi_god_temple2
D:9:      layout_cave_pools
D:11:     layout_roguey [special_room_bee], david_orc_5, serial_shops,
          nicolae_shop_industrial_runoff, minmay_strange_pillars,
          nicolae_danse_macabre

Skill      XL: |  1  2  3  4  5  6  7  8  9 |
---------------+----------------------------+-----
Shapeshifting  | 4 5 6 |  6.7
Dodging        | 3 5 6 7 |  7.6
Unarmed Combat | 4 5 7 9 10 | 10.9
Stealth        | 1 2 3 4 5 6 |  6.4
Fighting       | 2 3 |  3.1

Action                     |  1- 3 |  4- 6 |  7- 9 || total
---------------------------+-------+-------+-------++-------
  Melee: Unarmed           |    77 |   107 |   436 ||   620
         Bite              |    11 |    10 |    38 ||    59
         Punch             |     2 |     5 |    23 ||    30
 Invoke: Berserk           |       |       |     6 ||     6
         Trog's Hand       |       |       |     6 ||     6
         Brothers in Arms  |       |       |     1 ||     1
Ability: Begin Untransform |     1 |       |       ||     1
    Use: Scroll            |       |       |     9 ||     9
         Potion            |       |       |     2 ||     2
   Stab: Sleeping          |     1 |     2 |    10 ||    13
         Distracted        |       |       |     2 ||     2
 Armour: Skin              |    25 |    41 |   144 ||   210
  Dodge: Dodged            |    55 |    93 |   371 ||   519
   Form: Beast             |     1 |       |       ||     1

Table legend: (Time is in decaauts)
 A = Elapsed time spent in this place.
 B = Non-inter-level travel time spent in this place.
 C = Inter-level travel time spent in this place.
 D = Time resting spent in this place.
 E = Time spent auto-exploring this place.
 F = Levels seen in this place.
 G = Mean time per level.
                   A        B        C        D        E       F      G
               +--------+--------+--------+--------+--------+-----+--------+
         Total |   7740 |   7541 |    199 |    655 |   2286 |  12 |  645.0 |
       Dungeon |   7200 |   7001 |    199 |    559 |   2252 |  10 |  720.0 |
         Sewer |    299 |    299 |      0 |     54 |     34 |   1 |  299.0 |
       Ossuary |    240 |    240 |      0 |     42 |      0 |   1 |  240.0 |
               +--------+--------+--------+--------+--------+-----+--------+

Top non-repeatable levels by time:
     D:4: 1176 daAuts
     D:2: 1159 daAuts
     D:8: 1080 daAuts
     D:6: 985 daAuts
     D:7: 722 daAuts
     D:5: 709 daAuts
     D:1: 669 daAuts
     D:3: 575 daAuts
   Sewer: 299 daAuts
 Ossuary: 240 daAuts
     D:9: 63 daAuts
    D:11: 60 daAuts
